 Dungeon Crawl Stone Soup version 0.19-a0-1260-gc94d3f7 (webtiles) character file.

9790 Vasilisck the Blocker (level 11, 0/99 HPs)
             Began as a Minotaur Fighter on Aug 28, 2016.
             Was a High Priest of Okawaru.
             Slain by a cyan ugly thing (3 damage)
             ... on level 11 of the Dungeon.
             The game lasted 00:38:54 (8520 turns).

Vasilisck the Blocker (Minotaur Fighter)            Turns: 8520, Time: 00:38:55

Health: 0/99       AC: 18    Str: 26      XL:     11   Next: 27%
Magic:  15/15      EV:  4    Int:  8      God:    Okawaru [*****.]
Gold:   231        SH: 18    Dex: 10 (11) Spells: 0 memorised, 10 levels left

rFire  . . .     SeeInvis .     u - +1 broad axe
rCold  . . .     Gourm    .     D - +0 plate armour
rNeg   . . .     Faith    .     t - +0 large shield
rPois  .         Spirit   .     (helmet restricted)
rElec  .         Dismiss  .     r - +0 cloak
rCorr  .         Reflect  .     (no gloves)
MR     .....     Harm     .     Z - +1 pair of boots {Stlth+}
Stlth  ..........               (no amulet)
                                P - +3 ring of intelligence
                                l - +3 ring of strength

@: hasted, very quick
A: retaliatory headbutt, horns 2
a: Heroism, Finesse, Renounce Religion


You were on level 11 of the Dungeon.
You worshipped Okawaru.
Okawaru was extremely pleased with you.
You were not hungry.

You visited 1 branch of the dungeon, and saw 11 of its levels.

You collected 462 gold pieces.
You spent 231 gold pieces at shops.

Inventory:

Hand Weapons
 a - a +0 war axe
 u - a +1 broad axe (weapon)
 x - a +3 flail
 y - a +0 flail of venom
Armour
 d - the +2 hat of Narcissism {rElec MP+9 Str-5 Int+4}
   (Okawaru gifted it to you on level 8 of the Dungeon)

   It affects your strength (-5).
   It affects your intelligence (+4).
   It insulates you from electricity.
   It affects your magic capacity (+9).
 r - a +0 cloak (worn)
 t - a +0 large shield (worn)
 D - a +0 plate armour (worn)
 T - the +2 robe "Sorof" {+Blink MR+}
   (You found it on level 8 of the Dungeon)

   It affects your resistance to hostile enchantments.
   It lets you blink.
 Z - a +1 pair of boots of stealth (worn)
Jewellery
 k - a +4 ring of strength
 l - a +3 ring of strength (left hand)
 w - an uncursed ring of protection from fire
 A - an uncursed ring of ice
 H - an uncursed ring of magical power
 P - a +3 ring of intelligence (right hand)
 V - the ring "Hanemmor" {Dex+4 Stlth+}
   (You took it off a gnoll shaman on level 8 of the Dungeon)

   [ring of stealth]

   It affects your dexterity (+4).
   It makes you more stealthy.
 Y - an uncursed ring of protection from fire
Wands
 c - a wand of slowing (26/48)
 E - a wand of confusion (9/48)
 K - a wand of digging (12/24)
 S - a wand of confusion (19/48)
 U - a wand of teleportation (6/9)
 X - a wand of confusion (29/48)
Scrolls
 e - 2 scrolls of random uselessness
 i - 2 scrolls of blinking
 j - a scroll of vulnerability {unknown}
 p - 2 scrolls of identify
 s - 2 scrolls of remove curse
 I - 2 scrolls of teleportation
 L - a scroll of recharging
Potions
 h - a potion of haste
 n - a potion of magic
 q - a potion of curing
Books
 b - a Necronomicon

   Spells                             Type                      Level
   a - Haunt                          Necromancy/Summoning         7
   b - Borgnjor's Revivification      Necromancy                   8
   c - Death's Door                   Charms/Necromancy            8
   d - Infestation                    Necromancy                   8
   e - Necromutation                  Transmutation/Necromancy     8
 C - a book of Minor Magic

   Spells                             Type                      Level
   a - Magic Dart                     Conjuration                  1
   b - Blink                          Translocation                2
   c - Call Imp                       Summoning                    2
   d - Repel Missiles                 Charms/Air                   2
   e - Slow                           Hexes                        2
   f - Conjure Flame                  Conjuration/Fire             3
   g - Mephitic Cloud                 Conjuration/Poison/Air       3
 R - a book of Transfigurations

   Spells                             Type                      Level
   a - Irradiate                      Conjuration/Transmutation    5
   b - Statue Form                    Transmutation/Earth          6
   c - Hydra Form                     Transmutation                6
   d - Dragon Form                    Transmutation                7
Miscellaneous
 g - a lamp of fire
Comestibles
 f - 5 bread rations
 m - 7 royal jellies
 o - 5 meat rations
 F - 4 fruits
 G - 2 beef jerkies


   Skills:
 - Level 10.1 Fighting
 - Level 9.8 Axes
 - Level 10.3 Armour
 - Level 10.5 Shields
 + Level 7.5 Invocations


You had 10 spell levels left.
You didn't know any spells.

Dungeon Overview and Level Annotations

Branches:
Dungeon (11/15)            Temple (0/1) D:7            Lair (0/6) D:8
    Orc: D:9-12

Altars:
Ashenzari
Nemelex Xobeh
Okawaru
Qazlal
Ru
Trog
Xom
Yredelemnul

Shops:
D:4 =   D:9 [


Innate Abilities, Weirdness & Mutations

You reflexively headbutt those who attack you in melee.
You have a pair of horns on your head.


Message History

* * * LOW HITPOINT WARNING * * *
You block the cyan ugly thing's attack.
You are too injured to fight recklessly!
Okay, then.
You hit the cyan ugly thing. You headbutt the cyan ugly thing.
The cyan ugly thing is heavily wounded.
The cyan ugly thing barely misses you. You furiously retaliate!
You headbutt the cyan ugly thing! You closely miss the cyan ugly thing.
The cyan ugly thing is heavily wounded.
The cyan ugly thing barely misses you.
You hit the cyan ugly thing but do no damage.
The cyan ugly thing is heavily wounded.
The cyan ugly thing claws you.
* * * LOW HITPOINT WARNING * * *
The cyan ugly thing shocks you!
* * * LOW HITPOINT WARNING * * *
You see here a javelin.
You feel yourself speed up. The cyan ugly thing claws you.
You die...

.........# #.....#.#
########.#####.# #.#
# #.......# ... #
########)###.#
####...............#
.....# #########(###
<##### #(# .# #u# .#
#######@# .#
#.......# .#
#.#####(# .. #.# .#
#.# ># ..# ... ...#
.###


You could see a cyan ugly thing.

Vanquished Creatures
  Erica (D:10)
  Urug (D:11)
  2 hill giants
  A griffon (D:8)
  Maurice (D:8)
  A queen bee (D:8)
  3 trolls
  Prince Ribbit (D:8)
  A wyvern (D:8)
  A hippogriff (D:7)
  Edmund (D:3)
  A water moccasin (D:5)
  Duvessa (D:4)
  2 orc warriors
  3 sky beasts
  A wasp (D:10)
  A black bear (D:10)
  A phantom (D:6)
  10 ogres
  3 eyes of draining
  2 centaurs (D:7)
  4 big kobolds
  5 giant frogs
  Dowan (D:3)
  A water moccasin zombie (D:8)
  4 scorpions
  16 killer bees (D:8)
  A wight (D:8)
  A howler monkey (D:8)
  6 crimson imps
  4 orc priests
  A giant frog zombie (D:9)
  7 hounds
  3 jellies
  5 orc wizards
  A centaur skeleton (D:7)
  A giant frog skeleton (D:6)
  2 gnoll shamans (D:8)
  3 iguanas
  9 worker ants
  A worker ant zombie (D:6)
  A howler monkey zombie (D:10)
  12 gnolls
  A howler monkey skeleton (D:6)
  8 adders
  5 shadow imps
  2 oozes
  An adder zombie (D:5)
  An adder skeleton (D:5)
  2 worms
  6 giant geckos
  29 orcs
  A giant cockroach (D:6)
  6 goblins
  4 hobgoblins
  6 jackals
  25 kobolds
  8 quokkas
  A ball python skeleton (D:4)
  5 bats
  A giant gecko skeleton (D:5)
  A giant gecko zombie (D:5)
  3 giant newts
  A jackal skeleton (D:5)
  A quokka skeleton (D:5)
  6 rats
252 creatures vanquished.

Notes
Turn   | Place    | Note
-------+----------+-------------------------------------------
     0 | D:1      | Vasilisck the Minotaur Fighter began the quest for the Orb.
     0 | D:1      | Reached XP level 1. HP: 19/19 MP: 0/0
   515 | D:1      | Reached XP level 2. HP: 26/27 MP: 1/1
   960 | D:2      | Reached XP level 3. HP: 31/33 MP: 2/2
  1677 | D:3      | Reached XP level 4. HP: 32/40 MP: 3/3
  1784 | D:3      | Found an iron altar of Okawaru.
  1806 | D:3      | Became a worshipper of Warmaster Okawaru
  1904 | D:3      | Found a bloodstained altar of Trog.
  1904 | D:3      | Noticed an eye of draining
  1905 | D:3      | Noticed an eye of draining
  1917 | D:3      | Killed an eye of draining
  1917 | D:3      | Reached skill level 5 in Armour
  1917 | D:3      | Reached skill level 5 in Shields
  1917 | D:3      | Reached XP level 5. HP: 33/47 MP: 0/4
  1925 | D:3      | Killed an eye of draining
  1925 | D:3      | Reached XP level 6. HP: 40/55 MP: 0/5
  2099 | D:4      | Noticed Edmund
  2099 | D:4      | Noticed Duvessa
  2102 | D:4      | Noticed Dowan
  2115 | D:3      | Reached skill level 5 in Fighting
  2205 | D:3      | Killed Edmund
  2205 | D:3      | Reached * piety under Okawaru
  2399 | D:4      | Killed Duvessa
  2399 | D:4      | Reached skill level 5 in Axes
  2399 | D:4      | Reached XP level 7. HP: 47/61 MP: 6/6
  2413 | D:3      | Killed Dowan
  2413 | D:3      | Reached ** piety under Okawaru
  2709 | D:4      | Found Qougum's Jewellery Shoppe.
  3190 | D:5      | Entered Level 5 of the Dungeon
  3200 | D:5      | Reached XP level 8. HP: 48/71 MP: 7/7
  3202 | D:5      | Reached *** piety under Okawaru
  3428 | D:5      | Found a sacrificial altar of Ru.
  4393 | D:6      | Found a shimmering altar of Xom.
  4405 | D:6      | Found a stormy altar of Qazlal.
  4974 | D:7      | Found a basalt altar of Yredelemnul.
  4979 | D:7      | Found a staircase to the Ecumenical Temple.
  4986 | D:7      | Reached XP level 9. HP: 75/80 MP: 8/8
  5033 | D:7      | Found a sparkling altar of Nemelex Xobeh.
  5211 | D:7      | Found a shattered altar of Ashenzari.
  5359 | D:7      | Reached **** piety under Okawaru
  5603 | D:8      | Noticed Prince Ribbit
  5648 | D:8      | Killed Prince Ribbit
  5941 | D:8      | Found a staircase to the Lair.
  5987 | D:8      | Noticed a queen bee
  5988 | D:8      | Noticed Maurice
  6005 | D:8      | Noticed a griffon
  6017 | D:8      | Killed a queen bee
  6026 | D:8      | Killed a griffon
  6026 | D:8      | Reached ***** piety under Okawaru
  6026 | D:8      | Reached XP level 10. HP: 44/91 MP: 9/9
  6053 | D:8      | Killed Maurice
  6053 | D:8      | Received a gift from Okawaru
  6069 | D:8      | Reached skill level 10 in Shields
  6096 | D:8      | Got a heavily runed hat {god gift}
  6102 | D:8      | Identified the +2 hat of Narcissism {rElec MP+9 Str-5 Int+4} (Okawaru gifted it to you on level 8 of the Dungeon)
  6138 | D:8      | Reached skill level 10 in Armour
  6627 | D:8      | Got a twisted robe
  6638 | D:8      | Identified the +2 robe "Sorof" {+Blink MR+} (You found it on level 8 of the Dungeon)
  6667 | D:8      | Got an ancient pewter ring
  6945 | D:9      | Found Zeohug's Armour Shoppe.
  6953 | D:9      | Bought a +1 pair of boots of stealth for 231 gold pieces
  7039 | D:9      | Reached skill level 10 in Fighting
  7073 | D:9      | Identified the ring "Hanemmor" {Dex+4 Stlth+} (You took it off a gnoll shaman on level 8 of the Dungeon)
  7616 | D:10     | Entered Level 10 of the Dungeon
  7616 | D:10     | Noticed a hill giant
  7624 | D:10     | Killed a hill giant
  7661 | D:10     | Noticed Erica
  7670 | D:10     | Killed Erica
  7670 | D:10     | Reached skill level 5 in Invocations
  7670 | D:10     | Reached XP level 11. HP: 80/99 MP: 13/13
  8442 | D:11     | Noticed a hill giant
  8449 | D:11     | Killed a hill giant
  8454 | D:11     | Noticed Urug
  8475 | D:11     | Killed Urug
  8505 | D:11     | Noticed a cyan ugly thing
  8518 | D:11     | HP: 2/99 [cyan ugly thing (16)]
  8520 | D:11     | Slain by a cyan ugly thing

Vault maps used:
D:1:      minmay_arrival_open_corners
D:3:      trog_eyes_of_draining, okawaru_gym_becter
D:4:      first_bread, serial_shops, shop, uniq_edmund, uniq_duvessa
D:5:      nicolae_ru_awakened_eye
D:6:      nicolae_overflow_hidden_temple, minmay_misc_feat_ornament
D:7:      nemelex_xobeh_ov_fountains_minmay, overflow_temple_1_default,
          kennysheep_little_box
D:8:      minmay_opposing_rooms, lair_0_dummy, david_nohive_1,
          minmay_misc_feat_more_columns, uniq_maurice, uniq_prince_ribbit1
D:9:      serial_shops, shop
D:10:     minmay_unpleasant_kobolds, uniq_erica
D:11:     david_orc_5, uniq_urug, uniq_erolcha

Skill      XL: |  1  2  3  4  5  6  7  8  9 10 11 |
---------------+----------------------------------+-----
Axes           | 3 4 5 6 7 9 |  9.8
Armour         | 4 5 6 8 9 10 | 10.3
Shields        | 4 5 6 8 9 10 | 10.5
Fighting       | 4 5 6 7 9 10 | 10.1
Invocations    | 5 7 |  7.5

Action                   |  1- 3 |  4- 6 |  7- 9 | 10-12 || total
-------------------------+-------+-------+-------+-------++-------
Melee: Whip              |   126 |    62 |   105 |       ||   293
       War axe           |     8 |       |       |       ||     8
       Headbutt          |    14 |    11 |    82 |    65 ||   172
       Flail             |       |       |   256 |   340 ||   596
       Broad axe         |       |       |       |    11 ||    11
Invok: Heroism           |       |       |       |     1 ||     1
  Use: Scroll            |       |       |     7 |     9 ||    16
       Potion            |       |       |     5 |     7 ||    12
  Eat: Chunk             |     1 |       |    10 |     7 ||    18
       Fruit             |       |     4 |       |       ||     4
       Royal jelly       |       |       |     1 |       ||     1
       Pizza             |       |       |       |     1 ||     1
       Beef jerky        |       |       |       |     1 ||     1
Armor: Scale mail        |    55 |    27 |     4 |       ||    86
       Chain mail        |       |       |    62 |       ||    62
       Plate armour      |       |       |    64 |   134 ||   198
Dodge: Dodged            |    39 |    22 |    60 |    50 ||   171
Block: Shield            |    75 |    42 |    31 |       ||   148
       Large shield      |       |       |   294 |   351 ||   645
